 Dungeon Crawl Stone Soup version 0.25.1-2-g60ff931df9 (webtiles) character file.

Game seed: 3529206204906927715

36 lepoulpe303 the Ducker (level 3, 0/16 HPs)
             Began as a Spriggan Earth Elementalist on Sept 13, 2020.
             Slain by a worker ant (6 damage)
             ... on level 2 of the Dungeon.
             The game lasted 00:04:17 (1811 turns).

lepoulpe303 the Ducker (SpEE)                       Turns: 1811, Time: 00:04:18

Health: 0/16       AC:  2    Str:  4    XL:     3   Next: 19%
Magic:  7/8        EV: 19    Int: 17    God:
Gold:   23         SH:  0    Dex: 16    Spells: 2/8 levels left

rFire    . . .     SeeInvis +   a - +0 dagger
rCold    . . .     Gourm    .   (shield restricted)
rNeg     . . .     Faith    .   c - +0 robe
rPois    .         Spirit   .   (helmet restricted)
rElec    .         Reflect  .   (no cloak)
rCorr    .         Harm     .   (gloves unavailable)
MR       .....                  (boots unavailable)
Stlth    +++.......             g - amulet of magic regeneration
HPRegen  0.05/turn              (no ring)
MPRegen  0.36/turn              (no ring)

@: very slightly contaminated, very quick
A: very small, unfitting armour, see invisible, herbivore, speed 3, slow
metabolism 2
a: no special abilities


You were on level 2 of the Dungeon.
You were not hungry.

You visited 1 branch of the dungeon, and saw 2 of its levels.

You collected 23 gold pieces.

Inventory:

Hand Weapons
 a - a +0 dagger (weapon)
Missiles
 Q - 18 stones (quivered)
Armour
 c - a +0 robe (worn)
Jewellery
 g - an amulet of magic regeneration (around neck)
Scrolls
 b - 2 scrolls of identify {unknown}
 d - a scroll of immolation {unknown}
 f - a scroll of amnesia {unknown}
Comestibles
 e - a ration


   Skills:
 + Level 0.0 Short Blades
 + Level 3.5 Dodging
 + Level 3.5 Stealth
 * Level 3.4 Spellcasting
 - Level 1.3 Transmutations
 * Level 3.2 Earth Magic


You had 2 spell levels left.
You knew the following spells:

 Your Spells              Type           Power        Failure   Level  Hunger
a - Sandblast             Erth           ##....       4%          1    None
w - Passwall              Tmut/Erth      ##......     10%         2    ##.....
x - Stone Arrow           Conj/Erth      #.....       26%         3    ###....

Your spell library contained the following spells:

 Spells                   Type           Power        Failure   Level  Hunger
 Petrify                  Tmut/Erth      ##......     54%         4    ####...
 Lee's Rapid Deconstruct  Erth           ##........   77%         5    ######.


Dungeon Overview and Level Annotations

Branches:
Dungeon (2/15)

Altars:


Innate Abilities, Weirdness & Mutations

You are very small and have problems with some larger weapons.
You are too small for most types of armour.
You have supernaturally acute eyesight. (SInv)
You are a herbivore.
You cover ground extremely quickly.
You need to consume almost no food.


Message History

Q - 21 stones The worker ant barely misses you.
You barely miss the rat. The rat bites you.
* * * LOW HITPOINT WARNING * * *
You take 1 damage, and have 6/16 hp.
MP restored: 8
Aim: a worker ant (heavily wounded)
The blast of sand hits the worker ant.
Q - 20 stones You now have 7/8 mp.
Aim: a worker ant (severely wounded)
The blast of sand misses the worker ant.
Q - 19 stones The worker ant closely misses you.
Aim: a worker ant (severely wounded)
The blast of sand hits the worker ant but does no damage.
Q - 18 stones The worker ant bites you but does no damage.
You hit the worker ant. The worker ant bites you.
You die...

.....###....
#.#.........
#.#...##.#.#.#
####.#...##.#.#.# #
###....#...##.#.#.#.#
...........##.#.#.#.##.
#...................?
#...a@..............
####..r###.##.#...#####
.........r...<.........#
#####...###.#..#........
#...# #.#..#...#####
#...# #.#..#...# #...#
#.#..#...# #...#
#.#..##..# #.... ......
..#


You could see a worker ant and a rat.

Levels and vault maps discovered:
D:1:      psy_arrival_spokes, layout_basic, serial_park_tiny_2, minmay_ruptured
D:2:      layout_basic, uniq_jessica, uniq_terence

Notes
Turn   | Place    | Note
-------+----------+-------------------------------------------
     0 | D:1      | lepoulpe303 the Spriggan Earth Elementalist began the quest
                  | for the Orb.
     0 | D:1      | Reached XP level 1. HP: 9/9 MP: 5/5
    57 | D:1      | Identified a +0 dagger
   119 | D:1      | Reached skill level 3 in Spellcasting
   161 | D:1      | Reached XP level 2. HP: 11/13 MP: 5/7
   212 | D:1      | Identified a cursed +0 club
   216 | D:1      | Identified a +0 dagger
   493 | D:1      | Identified a +0 club
   519 | D:1      | Reached skill level 3 in Earth Magic
   698 | D:1      | Identified a cursed -1 club
   699 | D:1      | Identified a +0 club
   701 | D:1      | Identified a +0 whip
   717 | D:1      | HP: 3/13 [kobold/+0 whip (7)]
   723 | D:1      | HP: 2/13 [bat (1)]
  1067 | D:1      | Identified a +0 dagger
  1068 | D:1      | Identified an uncursed amulet of magic regeneration
  1102 | D:1      | Reached XP level 3. HP: 6/16 MP: 8/8
  1106 | D:1      | Learned a level 2 spell: Passwall
  1110 | D:1      | Learned a level 3 spell: Stone Arrow
  1811 | D:2      | Slain by a worker ant

Table legend:
 A = Turns spent in this place as a percentage of turns spent in the entire game.
 B = Non-inter-level travel turns spent in this place as a percentage of non-inter-level travel turns spent in the entire game.
 C = Inter-level travel turns spent in this place as a percentage of turns spent in this place.
 D = Turns resting spent in this place as a percentage of non-inter-level travel turns spent in this place.
 E = Turns spent auto-exploring this place as a percentage of non-inter-level travel turns spent in this place.
 F = Non-inter-level travel turns spent in this place divided by the number of levels of this place that you've seen.
                   A       B       C       D       E      F
               +-------+-------+-------+-------+-------+----------------------
         Total | 100.0 | 100.0 |   3.1 |  50.1 |  27.3 | 877.5
       Dungeon | 100.0 | 100.0 |   3.1 |  50.1 |  27.3 | 877.5
               +-------+-------+-------+-------+-------+----------------------

Table legend:
 A = Kills in this place as a percentage of kills in entire the game.
 B = Kills by you in this place as a percentage of kills by you in the entire game.
 C = Kills by friends in this place as a percentage of kills by friends in the entire game.
 D = Other kills in this place as a percentage of other kills in the entire game.
 E = Experience gained in this place as a percentage of experience gained in the entire game.
 F = Experience gained in this place divided by the number of levels of this place that you have seen.
                   A       B       C       D       E      F
               +-------+-------+-------+-------+-------+----------------------
         Total | 100.0 | 100.0 |   N/A |   N/A | 100.0 |  26.0
       Dungeon | 100.0 | 100.0 |   N/A |   N/A | 100.0 |  26.0
               +-------+-------+-------+-------+-------+----------------------

Skill      XL: |  1  2 |
---------------+-------+-----
Spellcasting   | 3 |  3.4
Earth Magic    | 3 |  3.2
Dodging        | |  3.5
Stealth        | |  3.5
Transmutations | |  1.3

Action                   || total
-------------------------++-------
Melee: Dagger            ||   157
 Cast: Sandblast         ||    21
 Stab: Sleeping          ||     3
Armor: Robe              ||    18
Dodge: Dodged            ||   150

Vanquished Creatures
  A dart slug (D:1)
  4 bats (D:1)
  4 giant cockroaches (D:1)
  5 goblins (D:1)
  5 hobgoblins (D:1)
  2 kobolds (D:1)
  A ball python (D:1)
  A frilled lizard (D:1)
  6 rats (D:1)
29 creatures vanquished.
